 Dungeon Crawl Stone Soup version 0.31.0-12-g77e489cdc1 (webtiles) character file.

Game seed: 7358877829091800506

30 HakonGodeson the Sneak (level 3, 20/20 HPs)
             Began as a Felid Delver on Feb 13, 2024.
             Quit the game on level 5 of the Dungeon.
             The game lasted 00:00:39 (81 turns).

HakonGodeson the Sneak (Felid Delver)                 Turns: 81, Time: 00:00:39

Health: 20/20      AC:  1    Str: 10    XL:     3   Next: 3%
Magic:  4/4        EV: 17    Int: 13    God:
Gold:   18         SH:  0    Dex: 17    Spells: 2/2 levels left
                                        Lives:  0   Deaths: 1

rFire   . .          .
                       - Unarmed
rCold   . . .        (shield unavailable)
rNeg    . . .        (body armour unavailable)
rPois   .            (helmet unavailable)
rElec   .            (cloak unavailable)
rCorr   .            (gloves unavailable)
SInv    +            (boots unavailable)
Will    .....        (no amulet)
Stlth   ++++         (no ring)
HPRegen 0.23/turn    (no ring)
MPRegen 0.09/turn

%: no passive effects
@: no status effects
A: very small, claws 1, fangs 3, see invisible, shaggy fur 1, stealthy paws, no
weapons or thrown items, no armour, multi-lived
a: no special abilities


You were on level 5 of the Dungeon.
You visited 1 branch of the dungeon, and saw 1 of its levels.

You collected 18 gold pieces.

Inventory:

Wands
 e - a wand of digging (3)
Scrolls
 a - a scroll of fog
 b - a scroll of revelation
 f - a scroll of identify {unknown}
Potions
 c - a potion of mutation {unknown}
 d - a potion of haste


   Skills:
 * Level 3.1 Fighting
 * Level 2.9 Dodging
 * Level 7.3 Stealth
 * Level 2.1 Unarmed Combat
 * Level 0.4 Spellcasting
 * Level 0.6 Evocations


You had 2 spell levels left.
You didn't know any spells.
Your spell library was empty.

Dungeon Overview and Level Annotations

Branches:
Dungeon (5/15)
 Temple: D:4-7

Altars:


Innate Abilities, Weirdness & Mutations

You have sharp claws.
You have razor-sharp teeth.
You have supernaturally acute eyesight. (SInv)
You are covered in fur. (AC +1)
Your paws help you pounce on unaware monsters.
You are incapable of wielding weapons or throwing items.
You cannot wear armour.
You gain extra lives every three experience levels.


Message History

The ogre looks frightened!
As you read the scroll labelled ZEECVIAZICH, it crumbles to dust.
You feel strangely unstable.
It was a scroll of teleportation.
An iguana comes into view.
Your surroundings suddenly seem different.
An orc priest and a hound come into view.
Found 33 gold pieces.
Found a sling.
The helpless hound fails to defend itself.
You mangle the hound!!
You kill the hound!
Your Stealth skill increases to level 7!
You have reached level 2!
You have reached level 3!
Your experience leads to an increase in your attributes!
Increase (S)trength, (I)ntelligence, or (D)exterity?
You feel stronger. x2
You now have 18 gold pieces.
There are no items here.
An orc comes into view. It is wielding a +0 short sword.
The orc priest shouts!
You hear a shout!
An orc comes into view. It is wielding a +0 falchion. x2
An ogre comes into view. It is wielding a +0 giant spiked club.
Found a scroll labelled TESOECSI VOLYILO.
The orc priest looks satisfied for a moment.
The orc priest looks satisfied for a moment.
Found a bubbling ruby potion.
Found a stone staircase leading down.
The orc priest invokes the aid of Beogh against you.
Beogh smites you!
Ouch! That really hurt!
There is a stone staircase leading down here.
You see here a bubbling ruby potion.
c - a bubbling ruby potion The orc priest invokes the aid of Beogh against you.
Beogh smites you!
Ouch! That really hurt!
You die...
You rejoin the land of the living...
Found 19 gold pieces.
Are you sure you want to abandon this character and quit the game? (Confirm with "yes".)

.# ## # .##.#.. ####
.$.... ....... ....
...... o....?. ....
.....# .#.....
#..####......
.#..... #..........
o......
..#........##..
......#
..............$
......# #.@..#.#.#
......# #.........
.......
......#.#.#.#...
.......
#...........=....
.......
....#...#.#.#.#...
.......
....(.............#
..)....
..........#.#.#.#.##
#.....#
....................
.....#
#........J....


There were no monsters in sight!

Vanquished Creatures
  A hound (D:5)
1 creature vanquished.

Notes
Turn   | Place    | Note
-------+----------+-------------------------------------------
     0 | D:5      | HakonGodeson the Felid Delver began the quest for the Orb.
     0 | D:5      | Reached XP level 1. HP: 12/12 MP: 2/2
    11 | D:5      | Noticed a jelly
    13 | D:5      | Noticed an ogre
    31 | D:5      | Noticed an iguana
    33 | D:5      | Noticed an orc priest
    33 | D:5      | Noticed a hound
    41 | D:5      | Killed a hound
    42 | D:5      | Reached skill level 7 in Stealth
    42 | D:5      | Reached XP level 2. HP: 16/16 MP: 3/3
    42 | D:5      | Reached XP level 3. HP: 20/20 MP: 4/4
    64 | D:5      | Noticed an ogre
    80 | D:5      | Killed from afar by an orc priest
    80 | D:5      | Lost a life (0 lives remaining)
    81 | D:5      | Quit the game

Illustrated notes

Levels and vault maps discovered:
D:5:      layout_cave_pools, minmay_temple_entry_statues_fountains,
          serial_glass, glass_columns_c, glass_columns_a, item_on_display_a,
          due_unseen_surprise, item_on_display_a

Skill      XL: |  1 |
---------------+----+-----
Stealth        | 7 |  7.3
Fighting       | |  3.1
Dodging        | |  2.9
Unarmed Combat | |  2.1
Spellcasting   | |  0.4
Evocations     | |  0.6

Action                     || total
---------------------------++-------
  Melee: Unarmed           ||     1
    Use: Scroll            ||     2
   Stab: Sleeping          ||     1
